Map: Orbital Shipyard

Players

Javert - Winner!

  • Race: Zerg Zerg
  • League: Grandmaster

Pockets

  • Race: Zerg Zerg
  • League: Grandmaster

VOD

Have the link to the VOD?

Description

Time

  • Played on: June 23, 2015, 8:18 p.m.
  • Length: 5:43
Show
View Real Time Build Order
Export as new Build Order

Javert Zerg - Winner!

Build Orders: Hatch First 

Get SALT Encoding   

  12  0:01  Drone  
  13  0:13  Overlord  
  13  0:18  Drone  
  14  0:32  Drone x2  
  16  0:48  Hatchery  
  15  0:52  Drone  
  15  0:55  Drone  
  17  1:00  Extractor  
  17  1:01  Drone  
  17  1:09  Drone  
  18  1:20  Spawning Pool  
  18  1:23  Drone  
  18  1:35  Overlord  
  18  1:43  Drone  
  19  2:06  Metabolic Boost  
  19  2:09  Queen  
  19  2:10  Queen  
  19  2:11  Zergling x6  
  19  2:14  Zergling x2  
  27  2:19  Zergling x2  
  28  2:28  Zergling x4  
  30  2:33  Zergling x2  
  31  2:41  Zergling x2  
  32  2:58  Drone x4  
  35  3:05  Overlord  
  35  3:13  Baneling Nest  
  35  3:17  Drone  
  35  3:18  Overlord  
  35  3:29  Zergling x8  
  35  3:30  Zergling x4  
  41  3:46  Zergling x2  
  41  3:47  Zergling x8  
  46  3:59  Baneling x5  
  46  4:12  Overlord x2  
  45  4:29  Overlord x2  
  45  4:38  Drone x7  
  51  4:40  Spine Crawler  
  51  4:42  Spine Crawler  
  49  4:56  Zergling x6  
  49  4:57  Zergling x2  
Show
View Real Time Build Order
Export as new Build Order

Pockets Zerg 

Build Orders: Hatch First 

Get SALT Encoding   

  12  0:07  Drone  
  12  0:08  Drone  
  14  0:18  Overlord  
  14  0:52  Drone x3  
  17  0:59  Hatchery, Extractor  
  15  1:05  Drone  
  16  1:14  Drone  
  17  1:22  Spawning Pool  
  17  1:25  Drone  
  17  1:35  Drone  
  18  1:46  Overlord  
  18  1:59  Drone  
  19  2:09  Metabolic Boost  
  19  2:10  Queen  
  19  2:11  Queen  
  19  2:12  Drone  
  24  2:17  Drone  
  24  2:21  Drone  
  26  2:23  Extractor  
  25  2:37  Spine Crawler  
  25  2:39  Spine Crawler  
  25  2:40  Drone  
  25  2:41  Drone  
  25  2:45  Drone  
  22  3:07  Zergling x4  
  24  3:19  Hatchery  
  24  3:30  Zergling x14  
  29  3:42  Queen  
  29  3:43  Drone, Spine Crawler  
  29  3:44  Drone  
  32  4:04  Baneling Nest  
  32  4:05  Drone x4  
  29  4:34  Spine Crawler  
  29  4:37  Drone, Spine Crawler  
  29  4:38  Drone x2  
  30  4:51  Baneling x4  
  30  4:52  Baneling x2  
Tags
 
Add a new tag
Caveats
  • Supply blocks, unpowered buildings, or Contaminate may cause inaccurate times.
  • Supply counts are checked every 10 seconds.